 Dungeon Crawl Stone Soup version 0.21.1-1-g345015f (webtiles) character file.

828 Hebeh the Chopper (level 7, -2/66 HPs)
             Began as a Deep Dwarf Fighter on June 16, 2018.
             Slain by an orc warrior
             ... wielding a +0 dire flail
              (5 damage)
             ... on level 4 of the Dungeon.
             The game lasted 00:18:07 (3363 turns).

Hebeh the Chopper (Deep Dwarf Fighter)              Turns: 3363, Time: 00:18:07

Health: -2/66      AC:  7    Str: 22    XL:     7   Next: 64%
Magic:  6/6        EV:  7    Int:  8    God:
Gold:   162        SH: 11    Dex: 17    Spells: 6/6 levels left

rFire    . . .     SeeInvis .   a - +0 war axe
rCold    . . .     Gourm    .   c - +0 shield
rNeg     . . .     Faith    .   b - +0 scale mail
rPois    .         Spirit   .   (no helmet)
rElec    .         Reflect  .   (no cloak)
rCorr    .         Harm     .   (no gloves)
MR       +....                  (no boots)
Stlth    ..........             (no amulet)
HPRegen  0.00/turn              e - +5 ring of dexterity
MPRegen  0.10/turn              (no ring)

@: non-regenerating
A: damage resistance, heal wounds, sense surroundings 1, no regeneration
a: Heal Wounds


You were on level 4 of the Dungeon.
You were hungry.

You visited 1 branch of the dungeon, and saw 4 of its levels.
You also visited: Sewer.

You collected 162 gold pieces.

Inventory:

Hand Weapons
 a - a +0 war axe (weapon)
Armour
 b - a +0 scale mail (worn)
 c - a +0 shield (worn)
 B - a +2 ring mail of cold resistance
 C - a +0 pair of boots
Jewellery
 e - a +5 ring of dexterity (left hand)
 A - a +3 ring of strength {unknown}
Wands
 v - a wand of iceblast (6)
Scrolls
 g - 5 scrolls of identify {unknown}
 i - a scroll of immolation {unknown}
 j - 5 scrolls of amnesia {unknown}
 m - a scroll of fog {unknown}
 n - a scroll of enchant weapon {unknown}
 q - 3 scrolls of remove curse {unknown}
 r - a scroll of holy word {unknown}
 y - a scroll of blinking {unknown}
Potions
 d - a potion of might
 h - 5 potions of flight {unknown}
 k - a potion of curing {unknown}
 l - a potion of magic {unknown}
 o - 2 potions of invisibility {unknown}
 p - 2 potions of agility {unknown}
 s - a potion of heal wounds {unknown}
 w - a potion of mutation {unknown}
 x - a potion of degeneration {unknown}
 z - a potion of lignification {unknown}
Books
 u - a book of Minor Magic

   Spells                             Type                      Level
   a - Magic Dart                     Conjuration                  1
   b - Blink                          Translocation                2
   c - Call Imp                       Summoning                    2
   d - Slow                           Hexes                        2
   e - Conjure Flame                  Conjuration/Fire             3
   f - Mephitic Cloud                 Conjuration/Poison/Air       3
Comestibles
 f - 6 rations
 t - 5 chunks of flesh


   Skills:
 + Level 4.3 Fighting
 * Level 6.3 Axes
 + Level 5.3 Armour
 + Level 5.3 Shields


You had 6 spell levels left.
You didn't know any spells.

Dungeon Overview and Level Annotations

Branches:
Dungeon (4/15)
 Temple: D:4-7

Altars:
Fedhas
Okawaru
Wu Jian


Innate Abilities, Weirdness & Mutations

You are resistant to damage.
You can heal yourself by infusing magical energy.
You passively map a small area around you.
You do not regenerate.


Message History

The orc warrior is moderately wounded.
The orc warrior hits you with a dire flail.
You closely miss the orc warrior.
The orc warrior is moderately wounded.
You block the orc warrior's attack.
You completely miss the orc warrior.
The orc warrior is moderately wounded.
You block the orc warrior's attack.
Your shield prevents you from hitting the orc warrior.
The orc warrior is moderately wounded.
The orc warrior hits you with a dire flail.
You hit the orc warrior but do no damage.
The orc warrior is moderately wounded.
You block the orc warrior's attack.
You closely miss the orc warrior.
The orc warrior is moderately wounded.
The orc warrior hits you with a dire flail!!
* * * LOW HITPOINT WARNING * * *
The orc warrior hits you with a dire flail.
You die...

.....## ⌠#.≈# ##
.# .####.##
#.###≈* .# ##.#
* ..#. ≈ ** * ##
#########.####*
# #...........#
# #..........# ,
# ##..........#
#
##..........)##
* * ##
##..######..)@)#
.###..##
#..)o..#*
.....##
#..........
#...##
#............#
#..##
...####......##
, ...###....##*
*#......#
.........
*..[...## ,
.#......#
..#...# *
#..##.### *


You could see an orc warrior.

Vanquished Creatures
  Grinder (D:3)
  Sigmund (D:4)
  Purgy (Sewer)
  2 orc priests (D:4)
  A bullfrog skeleton (D:2)
  Natasha (twice) (D:3)
  Ijyb (D:3)
  2 worker ants (D:4)
  A gnoll (D:1)
  6 adders
  A river rat (D:3)
  A worm (D:2)
  A dart slug (D:4)
  3 leopard geckos
  8 orcs
  A ball python (D:3)
  9 giant cockroaches
  4 goblins
  6 hobgoblins
  9 jackals
  14 kobolds
  2 quokkas (D:4)
  A ball python skeleton (D:4)
  6 bats
  5 frilled lizards
  10 rats
99 creatures vanquished.

Notes
Turn   | Place    | Note
-------+----------+-------------------------------------------
     0 | D:1      | Hebeh the Deep Dwarf Fighter began the quest for the Orb.
     0 | D:1      | Reached XP level 1. HP: 20/20 MP: 1/1
   199 | D:1      | Reached XP level 2. HP: 25/27 MP: 2/2
   430 | D:1      | Reached skill level 3 in Axes
   430 | D:1      | Reached XP level 3. HP: 23/34 MP: 3/3
  1207 | D:2      | Reached XP level 4. HP: 26/42 MP: 4/4
  1638 | D:2      | Found an iron altar of Okawaru.
  1736 | D:3      | Found a glowing drain.
  1739 | D:3      | Reached skill level 4 in Axes
  1754 | Sewer    | Entered a sewer
  1784 | Sewer    | Reached XP level 5. HP: 49/49 MP: 5/5
  1848 | Sewer    | Noticed Purgy
  1864 | Sewer    | Killed Purgy
  2121 | D:3      | Noticed Natasha
  2134 | D:3      | Killed Natasha
  2156 | D:3      | Reached XP level 6. HP: 33/56 MP: 6/6
  2196 | D:3      | Noticed Grinder
  2213 | D:3      | Paralysed by Grinder for 3 turns
  2220 | D:3      | Killed Grinder
  2220 | D:3      | Reached skill level 5 in Axes
  2257 | D:3      | Noticed Ijyb
  2267 | D:3      | Killed Ijyb
  2286 | D:3      | Noticed Natasha
  2295 | D:3      | Killed Natasha
  2295 | D:3      | Reached XP level 7. HP: 59/64 MP: 6/6
  2639 | D:3      | Found a faded altar of an unknown god.
  2861 | D:4      | Reached skill level 5 in Armour
  2900 | D:4      | Reached skill level 5 in Shields
  2984 | D:4      | Noticed Sigmund
  2990 | D:4      | Killed Sigmund
  2990 | D:4      | Reached skill level 6 in Axes
  3165 | D:4      | Found an ornate altar of the Wu Jian Council.
  3180 | D:4      | Found a blossoming altar of Fedhas.
  3363 | D:4      | HP: 3/66 [orc warrior/dire flail (17)]
  3363 | D:4      | Slain by an orc warrior

Skill      XL: |  1  2  3  4  5  6  7 |
---------------+----------------------+-----
Fighting       | 3 4 |  4.3
Axes           | 3 4 5 6 |  6.3
Armour         | 4 5 |  5.3
Shields        | 4 5 |  5.3

Action                   |  1- 3 |  4- 6 |  7- 9 || total
-------------------------+-------+-------+-------++-------
Melee: War axe           |   117 |   148 |    69 ||   334
 Abil: Heal Wounds       |     1 |     3 |    10 ||    14
  Eat: Chunk             |     1 |     4 |     3 ||     8
Armor: Scale mail        |    65 |    79 |    25 ||   169
Dodge: Dodged            |    47 |    43 |    21 ||   111
Block: Shield            |    67 |    82 |    39 ||   188
